 Dungeon Sprint DCSS version 0.29.1-debian-1-gc3f1650bb9 (webtiles) character file.

Game seed: 8100213335763797081

1244 Weirdisaac the Fighter (level 8, -4/102 HPs)
             Began as an Ogre Fighter on Sept 12, 2022.
             Was a Follower of Qazlal.
             Slain by a centaur warrior
             ... wielding a +0 war axe
              (11 damage)
             ... in the Dungeon (Sprint I: "Red Sonja").
             The game lasted 00:04:56 (1704 turns).

Weirdisaac the Fighter (Ogre Fighter)               Turns: 1704, Time: 00:04:57

Health: -4/102     AC:  3    Str: 23    XL:     8   Next: 50%
Magic:  8/8        EV: 10    Int: 11    God:    Qazlal [*.....]
Gold:   259        SH: 11    Dex:  8    Spells: 7/7 levels left

rFire   . . .      SeeInvis .   a - +4 flail "Ogre's Death" {freeze, Int+2}
rCold   . . .      Faith    .   c - +0 kite shield
rNeg    . . .      Spirit   .   b - +0 robe
rPois   .          Reflect  .   (helmet restricted)
rElec   .          Harm     .   (no cloak)
rCorr   .          Rampage  .   (gloves unavailable)
Will    .....      NoTele   +   (boots unavailable)
Stlth   +.........              (no amulet)
HPRegen 0.27/turn               (no ring)
MPRegen 0.11/turn               (no ring)

@: no status effects
A: large, unfitting armour, tough skin 1
a: Renounce Religion


You were in the Dungeon.
You worshipped Qazlal.
Qazlal was aware of your devotion.
You visited 1 branch You collected 420 gold pieces.
You spent 161 gold pieces at shops.

Inventory:

Hand Weapons
 a - the +4 flail "Ogre's Death" (weapon) {freeze, Int+2}
   (You bought it in a shop in the Dungeon)

   It freezes those it strikes, dealing additional cold damage.
   It can also slow down cold-blooded creatures.
   Int:       It affects your intelligence (+2).
Armour
 b - a +0 robe (worn)
 c - a +0 kite shield (worn)
Wands
 f - a wand of flame (23)
Potions
 h - 2 potions of magic


   Skills:
 * Level 13.0 Fighting
 * Level 9.5 Maces & Flails
 * Level 8.6 Dodging
 - Level 0.2 Stealth
 * Level 8.7 Shields


You had 7 spell levels left.
You didn't know any spells.
Your spell library was empty.

Dungeon Overview and Level Annotations

Branches:
Dungeon (1/1)

Altars:
Cheibriados
Dithmenos
Elyvilon
Fedhas
Gozag
Hepliaklqana
Kikubaaqudgha
Makhleb
Nemelex Xobeh
Okawaru
Qazlal
Ru
Sif Muna
Trog
Uskayaw
Vehumet
Wu Jian
Xom
Yredelemnul
Zin
The Shining One
Jiyva
Lugonu

Shops:
D (


Innate Abilities, Weirdness & Mutations

You are too large for most types of armour.
You have tough skin. (AC +1)


Message History

The demonic crawler shrieks in warning!
There is an open door, spattered with blood here.
You thump the demonic crawler! You freeze the demonic crawler.
The demonic crawler is moderately wounded.
The demonic crawler hits you! You block the demonic crawler's attack.
The demonic crawler hits you!
The demonic crawler shrieks in warning!
The demonic crawler hits you. The demonic crawler barely misses you.
You block the demonic crawler's attack. The demonic crawler barely misses you.
You block the demonic crawler's attack. The demonic crawler hits you.
You hit the demonic crawler. You freeze the demonic crawler.
The demonic crawler is moderately wounded.
You block the demonic crawler's attack. The demonic crawler hits you!
* * * LOW HITPOINT WARNING * * *
You block the demonic crawler's attack. The demonic crawler misses you.
The demonic crawler hits you!
* * * LOW HITPOINT WARNING * * *
The demonic crawler barely misses you.
Blink to where?
Press: ? - help, Dir - move target
As you read the scroll of blinking, it crumbles to dust.
You close the door.
You start resting.
A centaur warrior is nearby!
Found 13 gold pieces.
The centaur warrior shouts!
The centaur warrior hits you with a +0 war axe!
* * * LOW HITPOINT WARNING * * *
You block the centaur warrior's attack.
You see here 6 stones.
You barely miss the centaur warrior. The centaur warrior barely misses you.
The centaur warrior kicks you.
* * * LOW HITPOINT WARNING * * *
The centaur warrior hits you but does no damage.
The centaur warrior kicks you.
* * * LOW HITPOINT WARNING * * *
You bludgeon the centaur warrior!! You freeze the centaur warrior!
The centaur warrior is heavily wounded.
The centaur warrior hits you with a +0 war axe!
You die...

##########################
#<.#..').#.)'..#__#..s)s.#
#..').#..'..#..'..'..#ss.##+#
#..#####'#####+#__####...'..#
#..####..#...#.####[)#####..+
#..#__####..##@#~§§§c# ##
#..#_____##'#_§c§§§..+
#⌠⌠#_.∩)..'..._#§~§§c#
####_..__##_.#'##'##
#_____###+#(# ..$ ####### ###
###


You could see a centaur warrior.

Vanquished Creatures
  2 kobold demonologists (D)
  A slime creature (D)
  Sigmund (D)
  A yak (D)
  A floating eye (D)
  An ogre (D)
  A jelly (D)
  Ijyb (D)
9 creatures vanquished.

Notes
Turn   | Place    | Note
-------+----------+-------------------------------------------
     0 | D        | Weirdisaac the Ogre Fighter began the quest for the Orb.
     0 | D        | Reached XP level 1. HP: 24/24 MP: 1/1
     4 | D        | Noticed Ijyb
    16 | D        | HP: 1/24 [Ijyb/+0 dagger (4)]
    18 | D        | Killed Ijyb
    19 | D        | Reached skill level 5 in Fighting
    19 | D        | Reached XP level 2. HP: 35/35 MP: 2/2
    19 | D        | Reached XP level 3. HP: 42/42 MP: 3/3
    23 | D        | Noticed an ogre
    29 | D        | Killed an ogre
    30 | D        | Reached skill level 7 in Fighting
    30 | D        | Reached skill level 5 in Dodging
    30 | D        | Reached skill level 5 in Shields
    30 | D        | Reached XP level 4. HP: 36/55 MP: 4/4
   202 | D        | Noticed Sigmund
   215 | D        | Killed Sigmund
   216 | D        | Reached skill level 9 in Fighting
   216 | D        | Reached skill level 5 in Maces & Flails
   216 | D        | Reached XP level 5. HP: 51/67 MP: 5/5
   216 | D        | Reached XP level 6. HP: 57/75 MP: 6/6
   323 | D        | Found a shimmering blue altar of Sif Muna.
   324 | D        | Found an ornate altar of the Wu Jian Council.
   325 | D        | Found a radiant altar of Vehumet.
   333 | D        | HP: 2/75 [acid (9)]
   690 | D        | Found Jerghipt's Antique Weapon Emporium.
   690 | D        | Found an ancient bone altar of Kikubaaqudgha.
   690 | D        | Found a hazy altar of Hepliaklqana.
   690 | D        | Found a stormy altar of Qazlal.
   690 | D        | Found a hide-covered altar of Uskayaw.
   690 | D        | Found a blossoming altar of Fedhas.
   690 | D        | Found a bloodstained altar of Trog.
   690 | D        | Found an iron altar of Okawaru.
   690 | D        | Found a basalt altar of Yredelemnul.
   690 | D        | Found a glowing golden altar of the Shining One.
   690 | D        | Found a snail-covered altar of Cheibriados.
   690 | D        | Found a sacrificial altar of Ru.
   690 | D        | Found a glowing silver altar of Zin.
   690 | D        | Found a shadowy altar of Dithmenos.
   690 | D        | Found a white marble altar of Elyvilon.
   690 | D        | Noticed a yak
   691 | D        | Found an opulent altar of Gozag.
   696 | D        | Killed a yak
   697 | D        | Reached skill level 10 in Fighting
   697 | D        | Found a sparkling altar of Nemelex Xobeh.
   701 | D        | Bought a translucent flail for 161 gold pieces
   701 | D        | Identified the +4 flail "Ogre's Death" {freeze, Int+2} (You
                  | bought it in a shop in the Dungeon)
   705 | D        | Became a worshipper of Qazlal Stormbringer
  1015 | D        | Found a burning altar of Makhleb.
  1015 | D        | Found a viscous altar of Jiyva.
  1015 | D        | Found a shimmering altar of Xom.
  1015 | D        | Found a corrupted altar of Lugonu.
  1015 | D        | Noticed a slime creature
  1025 | D        | Killed a slime creature
  1026 | D        | Reached skill level 11 in Fighting
  1026 | D        | Reached XP level 7. HP: 15/88 MP: 7/7
  1450 | D        | Noticed a centaur warrior
  1450 | D        | Noticed a centaur warrior
  1470 | D        | Noticed a kobold demonologist
  1471 | D        | Noticed a kobold demonologist
  1472 | D        | Paralysed by a floating eye for 3 turns
  1475 | D        | Noticed a smoke demon
  1484 | D        | Killed a kobold demonologist
  1485 | D        | Reached skill level 12 in Fighting
  1485 | D        | Reached XP level 8. HP: 65/100 MP: 8/8
  1486 | D        | Paralysed by a floating eye for 4 turns
  1491 | D        | Noticed an orange demon
  1492 | D        | Noticed a hellwing
  1493 | D        | Killed a kobold demonologist
  1493 | D        | Reached * piety under Qazlal
  1495 | D        | Paralysed by a floating eye for 3 turns
  1499 | D        | Reached skill level 13 in Fighting
  1672 | D        | Noticed a demonic crawler
  1672 | D        | Noticed a demonic crawler
  1672 | D        | Noticed a demonic crawler
  1672 | D        | Noticed a demonic crawler
  1704 | D        | Slain by a centaur warrior

Illustrated notes

Levels and vault maps discovered:
D:        dungeon_sprint_1 [red_sonja_temple_1, red_sonja_temple_small_1]

Skill      XL: |  1  2  3  4  5  6  7  8 |
---------------+-------------------------+-----
Fighting       | 5 7 9 11 12 13 | 13.0
Maces & Flails | 2 3 5 7 8 9 |  9.5
Dodging        | 3 5 6 7 8 |  8.6
Shields        | 4 5 7 8 |  8.7
Stealth        | |  0.2

Action                   |  1- 3 |  4- 6 |  7- 9 || total
-------------------------+-------+-------+-------++-------
Melee: Flail             |    16 |    15 |    24 ||    55
       Giant club        |       |    12 |       ||    12
  Use: Potion            |     3 |     2 |       ||     5
       Scroll            |       |       |     1 ||     1
 Stab: Sleeping          |       |     1 |       ||     1
Armor: Robe              |     1 |     2 |     6 ||     9
Dodge: Dodged            |     4 |     6 |    17 ||    27
Block: Kite shield       |     7 |     2 |    19 ||    28
